 Dungeon Crawl Stone Soup version 0.20-a0-700-gbd4582c (webtiles) character file.

96 AlphabetPasta the Charmwright (level 4, -1/29 HPs)
             Began as a Halfling Skald on Feb 19, 2017.
             Killed by divine providence
             ... invoked by an orc priest
              (17 damage)
             ... on level 3 of the Dungeon.
             The game lasted 00:09:38 (2247 turns).

AlphabetPasta the Charmwright (Halfling Skald)      Turns: 2247, Time: 00:09:38

Health: -1/29      AC:  3    Str: 12    XL:     4   Next: 98%
Magic:  4/7        EV: 20    Int: 12    God:
Gold:   177        SH:  0    Dex: 18    Spells: 2/7 levels left

rFire    + . .     SeeInvis .   a - +0 short sword
rCold    + . .     Gourm    .   b - +0 leather armour
rNeg     . . .     Faith    .   (shield restricted)
rPois    .         Spirit   .   (no helmet)
rElec    .         Reflect  .   e - scarf {rC+ rF+}
rCorr    .         Harm     .   (no gloves)
MR       .....                  (no boots)
Stlth    +++.......             (no amulet)
Regen    0.1/turn               (no ring)
MPRegen  0.1/turn               (no ring)

@: agile
A: mutation resistance 1
a: no special abilities


You were on level 3 of the Dungeon.
You were not hungry.

You visited 1 branch of the dungeon, and saw 3 of its levels.

You collected 177 gold pieces.

Inventory:

Hand Weapons
 a - a +0 short sword (weapon)
Armour
 b - a +0 leather armour (worn)
 e - a scarf of resistance (worn)
 j - a +0 shield
Jewellery
 h - an uncursed ring of see invisible {unknown}
 k - an uncursed ring of flight {unknown}
Scrolls
 m - 2 scrolls of teleportation
Potions
 o - a potion of haste {unknown}
Books
 c - a book of Battle

   Spells                             Type                      Level
   a - Infusion                       Charms                       1
   b - Shroud of Golubria             Charms/Translocation         2
   c - Song of Slaying                Charms                       2
   d - Spectral Weapon                Hexes/Charms                 3
   e - Regeneration                   Charms/Necromancy            3
Comestibles
 d - a bread ration
 p - 2 chunks of flesh


   Skills:
 + Level 2.0 Fighting
 * Level 3.4 Short Blades
 + Level 1.4 Armour
 + Level 2.6 Dodging
 + Level 1.7 Stealth
 + Level 0.2 Shields
 + Level 2.2 Spellcasting
 + Level 3.5 Charms


You had 2 spell levels left.
You knew the following spells:

 Your Spells              Type           Power        Failure   Level  Hunger
a - Infusion              Chrm           #...         10%         1    ##.....
b - Song of Slaying       Chrm           #.......     14%         2    ###....
c - Shroud of Golubria    Chrm/Tloc      #.........   28%         2    ###....


Dungeon Overview and Level Annotations

Branches:
Dungeon (3/15)

Altars:
Nemelex Xobeh
Qazlal
Yredelemnul


Innate Abilities, Weirdness & Mutations

You are small and have problems with some larger weapons.
You are somewhat resistant to further mutation.


Message History

You kill the orc wizard!
The orc completely misses you. The orc closely misses you.
Things that are here:
an enchanted dagger; a robe; an orc corpse You barely miss the orc.
The orc completely misses you.
You barely miss the orc. The orc hits you with a trident.
You closely miss the orc.
You are no longer magically infusing your attacks.
The orc completely misses you.
You closely miss the orc. You hit the orc.
The orc is heavily wounded.
The orc barely misses you.
You hit the orc.
You kill the orc!
The orc priest mumbles some strange prayers to Beogh against you.
Beogh smites you!
Ouch! That really hurt!
You die...

### .#########.#
.o###.# #.#
#.#...# #.#
#.#.# ### #.#
#.####.#.# #.#
#.#
#........#####.#
#)#
######...o....o#
#.#
......########)#
#.# ...?.. #@#
#.# ...... #.#
#.# ......
#.#####.# ......
#.......# ......
#########


You could see an orc priest.

Vanquished Creatures
  An orc wizard (D:3)
  An adder (D:3)
  An ooze (D:1)
  3 dart slugs
  4 leopard geckos
  2 orcs (D:3)
  4 giant cockroaches
  5 hobgoblins
  2 jackals (D:1)
  6 kobolds
  4 bats (D:1)
  3 frilled lizards
  4 goblins
  4 rats (D:1)
44 creatures vanquished.

Notes
Turn   | Place    | Note
-------+----------+-------------------------------------------
     0 | D:1      | AlphabetPasta the Halfling Skald began the quest for the Orb.
     0 | D:1      | Reached XP level 1. HP: 14/14 MP: 3/3
   496 | D:1      | Reached XP level 2. HP: 19/19 MP: 0/4
   523 | D:1      | Learned a level 2 spell: Song of Slaying
   759 | D:1      | Reached XP level 3. HP: 24/24 MP: 6/6
   763 | D:1      | Learned a level 2 spell: Shroud of Golubria
   891 | D:1      | Reached skill level 1 in Stealth
  1408 | D:2      | Learned a level 2 spell: Shroud of Golubria
  1489 | D:2      | Found a basalt altar of Yredelemnul.
  1553 | D:2      | Reached XP level 4. HP: 29/29 MP: 2/7
  1571 | D:2      | Noticed an earth elemental
  1572 | D:2      | Found a stormy altar of Qazlal.
  2009 | D:2      | Noticed an air elemental
  2012 | D:2      | Noticed a water elemental
  2012 | D:2      | Noticed a fire elemental
  2085 | D:3      | Found a sparkling altar of Nemelex Xobeh.
  2247 | D:3      | Killed from afar by an orc priest

Vault maps used:
D:1:      dpeg_arrival_refuge, minmay_misc_feat_enclosed, minmay_split_cup_large
D:2:      lemuel_round_altar, nicolae_qazlal_style_of_elements
D:3:      nemelex_xobeh_ov_fountains_minmay, first_bread, uniq_sigmund

Skill      XL: |  1  2  3 |
---------------+----------+-----
Spellcasting   | 2 |  2.2
Fighting       | 2 |  2.0
Stealth        | 1 |  1.7
Short Blades   | 3 |  3.4
Armour         | |  1.4
Dodging        | |  2.6
Shields        | |  0.2
Charms         | |  3.5

Action                   |  1- 3 |  4- 6 || total
-------------------------+-------+-------++-------
Melee: Short sword       |   112 |    71 ||   183
 Cast: Infusion          |    12 |     2 ||    14
  Use: Scroll            |     5 |       ||     5
       Potion            |       |     5 ||     5
 Stab: Sleeping          |     1 |     1 ||     2
  Eat: Chunk             |     2 |     1 ||     3
       Bread ration      |       |     1 ||     1
Armor: Leather armour    |    13 |     8 ||    21
       Skin              |       |    15 ||    15
Dodge: Dodged            |    71 |    49 ||   120
